 Dungeon Crawl Stone Soup version 0.31-a0-1027-gfb7600b534 (webtiles) character file.

Game seed: 5371698260727457157

89 Gynju the Shooter (level 4, -3/27 HPs)
             Began as a Kobold Hexslinger on Nov 18, 2023.
             Killed by divine providence
             ... invoked by an orc priest
              (10 damage)
             ... on level 3 of the Dungeon.
             The game lasted 00:02:12 (2223 turns).

Gynju the Shooter (Kobold Hexslinger)               Turns: 2223, Time: 00:02:12

Health: -3/27      AC:  2    Str:  3 (5)  XL:     4   Next: 84%
Magic:  5/5        EV: 16    Int: 13 (14) God:
Gold:   52         SH:  0    Dex: 19      Spells: 5/5 levels left

rFire   . . .        a - +1 sling
rCold   . . .        (no shield)
rNeg    . . .        c - +0 robe
rPois   .            (no helmet)
rElec   .            (no cloak)
rCorr   .            (no gloves)
SInv    .            (no boots)
Will    .....        (no amulet)
Stlth   +++          (no ring)
HPRegen 0.24/turn    (no ring)
MPRegen 0.09/turn

%: no passive effects
@: no status effects
A: small, no large weapons, nightstalker 3
a: no special abilities


You were on level 3 of the Dungeon.
You visited 1 branch of the dungeon, and saw 3 of its levels.

You collected 52 gold pieces.

Inventory:

Hand Weapons
 a - a +1 sling (weapon)
 i - a +1 mace of draining
Armour
 c - a +0 robe (worn)
Scrolls
 b - a scroll of poison
 d - 2 scrolls of amnesia {unknown}
 e - a scroll of immolation {unknown}
 f - a scroll of teleportation {unknown}
 h - a scroll of enchant armour {unknown}
 j - a scroll of fear {unknown}
 k - 2 scrolls of identify {unknown}
Potions
 g - a potion of degeneration
 l - a potion of might {unknown}
 m - a potion of mutation {unknown}


   Skills:
 + Level 2.4 Fighting
 * Level 4.8 Ranged Weapons
 + Level 3.4 Dodging
 - Level 1.1 Spellcasting
 - Level 3.0 Hexes
 - Level 1.0 Fire Magic


You had 5 spell levels left.
You didn't know any spells.
Your spell library contained the following spells:

 Spells                   Type           Power      Damage    Failure   Level
 Jinxbite                 Hex            16%        N/A       12%         2
 Sigil of Binding         Hex            8%         N/A       24%         3
 Inner Flame              Hex/Fire       5%         N/A       36%         3
 Cause Fear               Hex            4%         N/A       63%         4
 Dimensional Bullseye     Hex/Tloc       2%         N/A       83%         4


Dungeon Overview and Level Annotations

Branches:
Dungeon (3/15)

Altars:


Innate Abilities, Weirdness & Mutations

You are small and have problems with some larger weapons.
You are completely attuned to the shadows.


Message History

You shoot a sling bullet. The sling bullet hits the orc priest.
The orc priest is moderately wounded.
The orc priest hits you but does no damage.
You shoot a sling bullet.
The sling bullet hits the orc priest but does no damage.
The orc priest is moderately wounded.
The orc priest barely misses you.
You shoot a sling bullet. The sling bullet hits the orc priest.
The orc priest is moderately wounded.
The orc priest hits you with a +0 short sword.
You are too injured to fight recklessly!
You are too injured to fight recklessly!
You shoot a sling bullet. The sling bullet hits the orc priest.
The orc priest is heavily wounded.
The orc priest hits you with a +0 short sword.
You shoot a sling bullet.
The sling bullet barely misses the orc priest.
The sling bullet hits the orc.
The orc is heavily wounded.
The orc priest barely misses you.
You shoot a sling bullet. The sling bullet hits the orc priest.
The orc priest is severely wounded.
The orc priest hits you with a +0 short sword.
You shoot a sling bullet.
The sling bullet closely misses the orc priest.
The sling bullet hits the orc!
You kill the orc!
The orc priest barely misses you.
The orc priest hits you with a +0 short sword.
* * * LOW HITPOINT WARNING * * *
You shoot a sling bullet.
The sling bullet barely misses the orc priest.
The sling bullet barely misses the hobgoblin.
The orc priest misses you.
You shoot a sling bullet.
The sling bullet closely misses the orc priest.
The sling bullet closely misses the hobgoblin.
The orc priest calls down the wrath of Beogh upon you.
Beogh smites you!
You die...

#......#
#######.###.##
#.##..........
#.##.##.###.##
#....)...†....
########.##.###.##
#........##.# #.#
#.######## #.# #@#
#o# ....g.[..
####.#### #.# ..#


You could see an orc priest and a hobgoblin.

Vanquished Creatures
  An adder (D:2)
  3 gnolls (D:2)
  2 worms (D:2)
  2 dart slugs
  3 orcs (D:3)
  2 ball pythons
  3 bats
  An endoplasm (D:1)
  3 goblins
  4 hobgoblins
  3 kobolds
  3 quokkas
  8 frilled lizards
  2 rats
40 creatures vanquished.

Notes
Turn   | Place    | Note
-------+----------+-------------------------------------------
     0 | D:1      | Gynju the Kobold Hexslinger began the quest for the Orb.
     0 | D:1      | Reached XP level 1. HP: 12/12 MP: 2/2
   294 | D:1      | Reached skill level 3 in Ranged Weapons
   338 | D:1      | Reached XP level 2. HP: 12/16 MP: 3/3
  1139 | D:2      | Reached XP level 3. HP: 5/21 MP: 4/4
  1254 | D:2      | Reached skill level 4 in Ranged Weapons
  1258 | D:2      | Reached XP level 4. HP: 26/26 MP: 5/5
  1859 | D:2      | Found a faded altar of an unknown god.
  2223 | D:3      | Killed from afar by an orc priest

Illustrated notes

Levels and vault maps discovered:
D:1:      wander_arrival_estate, layout_loops_ring, fountainhead
D:2:      layout_loops_corners, shapermc_ecumenical_altar_pompeii,
          nrook_mini_backslash, uniq_crazy_yiuf_cottage
D:3:      layout_loops_ring, gammafunk_ghost_nasty_kobolds,
          portal_sewer_entry_d, minmay_snake_closets, uniq_robin

Skill      XL: |  1  2  3 |
---------------+----------+-----
Ranged Weapons | 3 4 |  4.8
Dodging        | 3 |  3.4
Fighting       | 2 |  2.4
Spellcasting   | |  1.1
Hexes          | |  3.0
Fire Magic     | |  1.0

Action                     |  1- 3 |  4- 6 || total
---------------------------+-------+-------++-------
   Fire: Sling             |    67 |    57 ||   124
    Use: Potion            |     3 |       ||     3
 Armour: Robe              |    15 |    14 ||    29
  Dodge: Dodged            |    20 |    29 ||    49

Table legend: (Time is in decaauts)
 A = Elapsed time spent in this place.
 B = Non-inter-level travel time spent in this place.
 C = Inter-level travel time spent in this place.
 D = Time resting spent in this place.
 E = Time spent auto-exploring this place.
 F = Levels seen in this place.
 G = Mean time per level.
                   A        B        C        D        E       F      G
               +--------+--------+--------+--------+--------+-----+--------+
         Total |   2248 |   2108 |    140 |      0 |   1861 |   3 |  749.3 |
       Dungeon |   2248 |   2108 |    140 |      0 |   1861 |   3 |  749.3 |
               +--------+--------+--------+--------+--------+-----+--------+

Top non-repeatable levels by time:
     D:2: 1203 daAuts
     D:1: 866 daAuts
     D:3: 178 daAuts
